Map: Ruins of Seras

Players

INnoVation - Winner!

  • Race: Terran Terran

Serral

  • Race: Zerg Zerg
  • League: Master

Event: NationWars III

VOD

Have the link to the VOD?

Description

Time

  • Played on: Dec. 12, 2015, 5:07 p.m.
  • Length: 15:48

All games in this series

Show
View Real Time Build Order
Export as new Build Order

INnoVation Terran - Winner!

Build Orders: Reaper Expand, Bio Tank, Hellion Banshee 

Get SALT Encoding   

  12  0:00  SCV  
  13  0:13  SCV  
  14  0:17  Supply Depot  
  14  0:25  SCV  
  15  0:39  SCV  
  15  0:40  Barracks  
  16  0:45  Refinery  
  16  0:51  SCV  
  17  1:03  SCV  
  18  1:15  SCV  
  19  1:28  Orbital Command  
  19  1:29  Reaper  
  20  1:42  Command Center  
  20  1:50  Supply Depot  
  20  1:53  SCV  
  21  2:01  Marine  
  22  2:06  SCV  
  23  2:13  Factory  
  23  2:18  SCV  
  24  2:23  Barracks Reactor, Refinery  
  24  2:30  SCV  
  25  2:42  SCV  
  26  2:54  SCV  
  26  2:55  Orbital Command  
  27  2:58  Starport  
  27  3:03  Hellion x2  
  31  3:06  SCV, Barracks Tech Lab  
  32  3:18  SCV  
  33  3:21  SCV  
  33  3:24  Hellion x2  
  38  3:30  SCV  
  38  3:33  SCV  
  40  3:35  Medivac  
  40  3:39  Supply Depot  
  42  3:45  SCV x2, Hellion  
  46  3:54  Supply Depot  
  46  4:01  SCV x2, Hellion  
  50  4:07  Hellion, Barracks Tech Lab  
  50  4:15  SCV  
  50  4:16  SCV  
  47  4:28  SCV x2  
  47  4:29  Banshee, Cloaking Field  
  51  4:31  Stimpack  
  51  4:40  SCV x2  
  53  4:50  Factory Reactor  
  53  4:52  Command Center, SCV x2  
  53  5:03  Marine  
  53  5:04  SCV x2  
  56  5:08  Barracks  
  56  5:10  Barracks  
  56  5:12  Banshee  
  59  5:16  SCV x2  
  59  5:20  Supply Depot  
  61  5:25  Supply Depot, Engineering Bay x2  
  61  5:31  SCV  
  62  5:37  Factory Reactor  
  62  5:38  Refinery  
  62  5:39  Refinery  
  62  5:41  SCV  
  63  5:43  SCV  
  63  5:45  Marine  
  65  5:53  SCV  
  64  5:58  Marine x2  
  64  5:59  SCV  
  64  6:02  Terran Infantry Weapons Level 1, Terran Infantry Armor Level 1  
  67  6:05  Supply Depot, SCV, Orbital Command  
  67  6:07  Marine x2  
  70  6:11  SCV  
  70  6:17  Marine x3  
  70  6:18  SCV  
  75  6:25  Medivac x2, Barracks, Marine  
  80  6:27  SCV, Barracks  
  80  6:28  Marine  
  80  6:30  SCV  
  80  6:31  Orbital Command  
  83  6:34  Combat Shields, Marine  
  83  6:35  Marine x2  
  86  6:40  Supply Depot  
  86  6:42  Siege Tank  
  86  6:45  SCV x2  
  91  6:48  Marine  
  91  6:49  Marine  
  91  6:52  Marine  
  94  6:56  SCV  
  94  6:57  SCV x2  
  95  7:03  Marine x2  
  95  7:06  Marine  
  98  7:08  SCV  
  98  7:09  SCV x2  
  98  7:10  Medivac x2  
  105  7:18  Barracks Reactor  
  105  7:19  Barracks Reactor, Marine x2  
  105  7:20  SCV  
  105  7:21  Marine  
  109  7:26  Refinery  
  109  7:27  Refinery  
  109  7:28  Supply Depot  
  109  7:32  Armory  
  109  7:35  Supply Depot  
  109  7:45  SCV x3  
  109  7:49  Marine x5  
  109  7:50  Siege Tank  
  116  7:56  Medivac x2  
  116  7:57  SCV x3  
  123  7:58  Marine  
  123  7:59  Marine  
  123  8:01  Supply Depot  
  123  8:02  Supply Depot  
  125  8:09  Supply Depot  
  125  8:16  SCV, Marine x2  
  125  8:23  SCV, Marauder, Marine x5  
  125  8:24  SCV, Siege Tank, Marine  
  125  8:26  Terran Infantry Weapons Level 2  
  138  8:28  Terran Infantry Armor Level 2  
  138  8:30  Medivac x2  
  138  8:34  Supply Depot  
  142  8:36  SCV  
  142  8:37  Supply Depot  
  143  8:43  Marine x6  
  149  8:54  Terran Vehicle Weapons Level 1  
  149  8:55  Marine x2  
  153  8:56  Marauder  
  153  8:58  Factory, Siege Tank  
  153  9:00  Medivac x2  
  153  9:01  Marine x5  
  153  9:02  Marine  
  165  9:05  SCV  
  165  9:13  Marine  
  165  9:15  SCV  
  165  9:16  SCV  
  162  9:18  Marine x2  
  162  9:19  Marine x4, Marauder  
  162  9:20  Marine  
  153  9:30  Siege Tank  
  155  9:31  Marine  
  155  9:34  Barracks  
  155  9:35  Barracks  
  155  9:36  Marine x2  
  155  9:42  Factory Tech Lab  
  155  9:43  Command Center  
  155  9:45  Medivac  
  155  9:46  Medivac  
  159  10:01  Marauder  
  159  10:03  Supply Depot, Marine x2  
  159  10:04  Supply Depot  
  163  10:07  Barracks  
  163  10:15  Medivac  
  165  10:24  Marauder, Medivac, Siege Tank, Marine  
  165  10:26  Barracks Tech Lab x2, Siege Tank  
  165  10:27  Supply Depot  
  162  10:36  SCV x3  
  165  10:45  Supply Depot  
  165  10:46  Marauder  
  165  10:48  SCV x3  
  170  10:55  Marauder x2  
  170  10:56  Siege Tank  
  168  11:07  Marauder  
  168  11:12  Barracks Tech Lab  
  168  11:15  Marine  
  168  11:17  Marauder x2  
  166  11:21  Medivac  
  166  11:22  Medivac  
  153  11:27  Planetary Fortress  
  146  11:34  SCV x2  
  146  11:35  Marine x3, Marauder x2  
  146  11:38  Marauder x2  
  159  11:41  Siege Tank  
  160  11:47  Siege Tank  
  160  11:52  Medivac  
  160  11:53  Medivac  
  156  11:56  Marauder x2  
  156  11:58  Marine  
  156  11:59  Marauder, Marine x2  
  163  12:02  Marauder  
  165  12:15  Siege Tank  
  166  12:16  Marine x5  
  166  12:17  Marauder x2, Marine  
  166  12:21  Marauder  
  178  12:23  Siege Tank, Marauder  
  178  12:26  Terran Infantry Weapons Level 3  
  178  12:29  Refinery  
  182  12:30  Refinery  
  182  12:33  Terran Infantry Armor Level 3  
  182  12:39  Marauder x2  
  182  12:42  Marauder  
  170  12:44  Marine, Marauder  
  170  12:45  Marine  
  170  12:47  Siege Tank  
  170  12:48  SCV  
  169  12:52  Command Center  
  169  12:57  Marine x4  
  169  12:58  Marine x2  
  147  13:00  SCV, Marauder  
  147  13:01  Marauder  
  147  13:04  Marauder  
  142  13:08  Marauder  
  142  13:13  SCV  
  142  13:16  Liberator x2  
  147  13:21  Marauder  
  147  13:22  Marauder  
  147  13:25  Marauder  
  147  13:26  Ghost Academy  
  153  13:29  SCV x3  
  153  13:30  Marauder  
  157  13:38  Marine x3  
  157  13:39  Marine x2  
  162  13:43  Marauder x2  
  162  13:46  Marauder, Marine  
  162  13:48  Marine x2  
  163  13:50  Marine  
  164  13:56  Marine  
  164  13:59  Liberator x2  
  164  14:02  Siege Tank x2  
  171  14:04  Marauder  
  171  14:05  Marauder  
  171  14:08  Marauder  
  171  14:09  Marauder  
  185  14:18  Marine x3  
  185  14:20  Marine  
  189  14:26  Marauder x2  
  191  14:34  Siege Tank  
  191  14:38  Marauder x2  
  136  14:47  Marauder  
  136  14:48  Marauder, Marine x4  
  136  14:52  SCV x3, Siege Tank  
  141  14:59  Marauder  
  133  15:01  Medivac x2  
  133  15:04  SCV x2  
  133  15:05  SCV  
  139  15:11  Planetary Fortress  
  132  15:21  SCV x3  
  134  15:33  SCV x3  
Show
View Real Time Build Order
Export as new Build Order

Serral Zerg 

Build Orders: Hatch First 

Get SALT Encoding   

  12  0:01  Drone  
  13  0:13  Overlord  
  13  0:18  Drone  
  14  0:32  Drone x2  
  16  0:36  Drone  
  17  0:54  Hatchery  
  16  0:57  Drone  
  16  1:00  Drone  
  16  1:02  Extractor  
  17  1:07  Drone  
  18  1:19  Spawning Pool  
  18  1:22  Drone  
  18  1:29  Drone  
  19  1:39  Overlord  
  19  2:06  Metabolic Boost, Queen  
  19  2:07  Queen  
  19  2:08  Drone  
  24  2:09  Zergling x2  
  24  2:10  Zergling x2  
  26  2:16  Overlord  
  26  2:19  Drone  
  26  2:22  Drone  
  28  2:27  Drone  
  29  2:34  Drone  
  30  2:38  Drone  
  30  2:42  Queen  
  30  2:43  Drone  
  34  2:53  Overlord  
  34  3:03  Zergling x4  
  36  3:09  Zergling x2  
  37  3:14  Drone x3  
  37  3:18  Queen  
  37  3:19  Hatchery  
  41  3:21  Drone  
  41  3:26  Drone  
  43  3:32  Drone x3  
  46  3:44  Drone x2  
  46  3:46  Roach Warren  
  46  3:48  Overlord  
  47  3:50  Drone  
  47  3:51  Drone, Extractor  
  48  4:00  Drone x2  
  48  4:01  Drone x2  
  52  4:04  Overlord  
  48  4:25  Zergling x4  
  48  4:26  Drone, Zergling x6  
  48  4:27  Drone  
  48  4:30  Lair  
  54  4:34  Evolution Chamber  
  54  4:35  Evolution Chamber, Queen  
  54  4:39  Roach x3  
  54  4:40  Roach  
  54  4:43  Drone  
  63  4:46  Roach  
  63  4:49  Drone, Spore Crawler  
  65  4:54  Overlord  
  65  4:59  Roach x2  
  65  5:01  Drone x2  
  65  5:04  Zerg Missile Weapons Level 1  
  66  5:09  Drone x2  
  66  5:10  Extractor x2  
  66  5:15  Drone x3  
  69  5:25  Zergling x2  
  69  5:26  Zergling x8  
  69  5:28  Zerg Ground Armor Level 1  
  74  5:30  Drone  
  74  5:34  Overseer  
  74  5:35  Drone x2  
  77  5:39  Overlord  
  77  5:40  Drone  
  78  5:45  Overlord  
  78  5:47  Drone x2  
  78  5:52  Overseer  
  78  5:55  Drone x2  
  78  5:56  Drone  
  76  6:01  Drone x3  
  78  6:05  Drone x3  
  78  6:09  Drone x2  
  84  6:11  Drone  
  84  6:14  Drone  
  84  6:15  Drone  
  84  6:16  Drone  
  87  6:19  Drone x2  
  87  6:21  Overlord  
  89  6:28  Drone x4  
  89  6:32  Overlord  
  93  6:35  Infestation Pit  
  93  6:37  Drone, Extractor x2  
  93  6:38  Drone, Spore Crawler  
  93  6:39  Drone  
  92  6:43  Drone x3  
  92  6:45  Pneumatized Carapace  
  95  6:47  Overlord  
  92  7:04  Zerg Missile Weapons Level 2  
  90  7:10  Evolution Chamber  
  90  7:14  Infestor x3  
  90  7:15  Hatchery  
  88  7:23  Drone x3  
  88  7:24  Drone x6  
  95  7:33  Drone x3  
  95  7:35  Zerg Melee Weapons Level 1  
  95  7:36  Zerg Ground Armor Level 2  
  96  7:44  Drone x2  
  96  7:46  Zergling x10  
  102  7:54  Ravager x4  
  102  7:55  Overseer  
  102  7:58  Drone x2  
  108  8:02  Zergling x16  
  116  8:09  Overlord  
  116  8:17  Roach x2  
  116  8:18  Roach  
  120  8:21  Hive  
  120  8:24  Spine Crawler  
  120  8:25  Spine Crawler  
  118  8:37  Zergling x26  
  118  8:38  Queen  
  118  8:39  Drone  
  118  8:40  Drone  
  135  8:45  Overlord x3  
  135  8:51  Overlord x2  
  129  9:12  Zergling x20  
  121  9:27  Zergling x2  
  121  9:28  Zergling x10  
  127  9:34  Zerg Melee Weapons Level 2  
  127  9:35  Zerg Missile Weapons Level 3  
  127  9:47  Hatchery  
  127  9:49  Drone x8  
  127  9:50  Drone  
  135  9:56  Zerg Ground Armor Level 3  
  135  9:57  Ultralisk Cavern  
  134  10:01  Zergling x2  
  134  10:02  Zergling x22  
  146  10:11  Roach x3  
  146  10:13  Ravager  
  153  10:20  Extractor  
  152  10:21  Extractor  
  152  10:25  Overlord x2  
  150  10:29  Adrenal Glands  
  150  10:31  Zergling x6  
  153  10:37  Ravager  
  152  10:43  Chitinous Plating  
  152  10:47  Ravager x6  
  152  10:48  Ravager  
  159  10:55  Zergling x20  
  164  11:11  Overlord x2  
  140  11:25  Zergling x32  
  121  11:26  Zergling x8  
  121  11:29  Queen  
  121  11:32  Extractor  
  121  11:40  Drone x4  
  121  11:41  Drone x2  
  121  11:42  Drone x2  
  121  11:45  Drone x2  
  123  11:58  Drone x3  
  123  12:00  Ultralisk x2  
  133  12:13  Ultralisk  
  133  12:14  Ultralisk  
  147  12:24  Roach x2  
  151  12:31  Zergling x2  
  151  12:32  Zergling x8  
  154  12:44  Zergling x10  
  144  12:57  Zergling x16  
  129  13:11  Hatchery  
  126  13:21  Hatchery  
  124  13:30  Infestor x2  
  126  13:46  Infestor x2  
  130  14:01  Overlord x2  
  129  14:14  Zergling x10  
  106  14:47  Zergling x18  
  106  14:48  Zergling x12  
  104  15:04  Overseer  
  92  15:10  Zergling x16  
  94  15:33  Hatchery  
Tags
 
Add a new tag
Caveats
  • Supply blocks, unpowered buildings, or Contaminate may cause inaccurate times.
  • Supply counts are checked every 10 seconds.